 Dungeon Crawl Stone Soup version 0.17-a0-1409-ge6d9485 (webtiles) character file.

37 bal the Sneak (level 3, 0/18 HPs)
             Began as a Vine Stalker Assassin on June 22, 2015.
             Killed by nerve-wracking pain
             ... invoked by an orc priest
              (5 damage)
             ... on level 3 of the Dungeon.
             The game lasted 00:04:07 (1200 turns).

bal the Sneak (Vine Stalker Assassin)               Turns: 1200, Time: 00:04:07

Health: 0/18       AC:  4    Str: 13    XL:     3   Next: 41%
Magic:  0/4        EV: 12    Int: 12    God:
Gold:   93         SH:  0    Dex: 15    Spells: 0 memorised, 2 levels left

rFire  . . .     SeeInvis .     b - +0 blowgun
rCold  . . .     Clarity  .     c - +0 robe
rNeg   . . .     SustAt   .     (no shield)
rPois  .         Gourm    .     i - +0 helmet
rElec  .         Spirit   +     d - +0 cloak
rCorr  .         Warding  .     (no gloves)
rMut   .         Stasis   .     (no boots)
MR     .....                    (no amulet)
Stlth  +++.......               (no ring)
                                (no ring)

@: very slightly contaminated, not resistant to hostile enchantments, fairly
stealthy
A: fangs 2, regeneration 1, magic shield, antimagic bite, no device heal 3, rot
immunity
a: no special abilities


You were on level 3 of the Dungeon.
You were not hungry.

You visited 1 branch of the dungeon, and saw 3 of its levels.

You collected 93 gold pieces.

Inventory:

Hand weapons
 a - a +3 dagger
 b - a +0 blowgun (weapon)
Missiles
 e - a poisoned needle (quivered)
 f - 2 curare-tipped needles
 h - 7 tomahawks
 r - 12 sling bullets of frost
Armour
 c - a +0 robe (worn)
 d - a +0 cloak (worn)
 i - a +0 helmet (worn)
Jewellery
 q - an uncursed ring of flight
 s - an uncursed ring of ice
Scrolls
 m - a scroll of enchant weapon
 o - 4 scrolls of remove curse
Potions
 j - 2 potions of curing
 p - a potion of ambrosia
Comestibles
 g - 2 bread rations


   Skills:
 + Level 1.9 Fighting
 + Level 1.8 Short Blades
 + Level 2.1 Throwing
 + Level 1.0 Dodging
 + Level 5.9 Stealth


You had 2 spell levels left.
You didn't know any spells.

Dungeon Overview and Level Annotations

Branches:
Dungeon (3/15)

Altars:
Okawaru


Innate Abilities, Weirdness & Mutations

You have extremely sharp teeth.
Your natural rate of healing is unusually fast.
When hurt, damage is shared between your health and your magic reserves.
Your bite disrupts and absorbs the magic of your enemies.
Potions and wands cannot restore your health.
You are immune to rotting.


Message History

You feel troubled.
Firing (i - inventory. (,) - cycle):
e - 3 poisoned needles (quivered)
Press: ? - help, Shift-Dir - straight line, f/p - orc priest
Aim: an orc priest, wielding a trident (heavily wounded, poisoned)
You shoot a poisoned needle.
The poisoned needle closely misses the orc priest.
The poisoned needle hits the orc wizard!
The orc wizard is poisoned.
Firing (i - inventory. (,) - cycle):
e - 2 poisoned needles (quivered)
Press: ? - help, Shift-Dir - straight line, f/p - orc priest
Aim: an orc priest, wielding a trident (heavily wounded, poisoned)
You shoot a poisoned needle.
The poisoned needle hits the orc priest.
The orc priest looks even sicker.
The orc priest is heavily wounded.
The orc priest closely misses you.
The orc wizard looks braver.
The orc priest invokes the aid of Beogh against you.
Pain shoots through your body!
You die...

# #.
#.##
...
#.###
#.@.#
#.#.#
...#o#
#####o#
#.# #.#
#.# #(#
#.#


You could see an orc priest and an orc wizard.

Vanquished Creatures
  An adder (D:2)
  5 bats
  4 goblins
  2 hobgoblins
  A quokka (D:2)
  5 giant newts
  6 kobolds
  6 rats
30 creatures vanquished.

Notes
Turn   | Place    | Note
--------------------------------------------------------------
     0 | D:1      | bal the Vine Stalker Assassin began the quest for the Orb.
     0 | D:1      | Reached XP level 1. HP: 11/11 MP: 2/2
    74 | D:1      | Reached skill level 5 in Stealth
   154 | D:1      | Reached XP level 2. HP: 15/15 MP: 3/3
   245 | D:1      | Reached skill level 1 in Dodging
   659 | D:2      | Reached XP level 3. HP: 18/18 MP: 4/4
   772 | D:2      | Found an iron altar of Okawaru.
  1200 | D:3      | Killed from afar by an orc priest

Vault maps used:
D:1:      scummos_arrival_simple_crosswalls
D:2:      lemuel_doored_altar
D:3:      first_bread

Action                   || total
-------------------------++-------
Melee: Dagger            ||    78
 Fire: Blowgun           ||    10
  Use: Scroll            ||     4
       Potion            ||     4
 Stab: Sleeping          ||     7
       Distracted        ||     1
  Eat: Chunk             ||     1
